Map: World of Sleepers LE

Players

Community

  • Race: Terran Terran
  • League: Diamond
  • Spawn Location: 1:00

ViBE - Winner!

  • Race: Protoss Protoss
  • League: Diamond
  • Spawn Location: 7:00

VOD

Have the link to the VOD?

Description

Time

  • Played on: Dec. 25, 2019, 12:29 a.m.
  • Length: 14:57
Show
View Real Time Build Order
Export as new Build Order

Community Terran 

Build Orders:  

Get SALT Encoding   

  12  0:01  SCV  
  13  0:13  SCV  
  14  0:17  Supply Depot  
  14  0:25  SCV  
  14  0:28  Refinery  
  15  0:39  SCV  
  16  0:45  Barracks  
  16  0:51  SCV  
  17  1:05  SCV  
  18  1:17  SCV  
  19  1:31  Orbital Command  
  20  1:32  Reaper  
  20  1:44  Command Center  
  20  1:51  Supply Depot  
  20  1:55  Refinery  
  20  1:58  SCV  
  21  2:09  Barracks Reactor  
  21  2:13  Factory  
  21  2:15  SCV  
  22  2:27  SCV  
  23  2:39  SCV  
  23  2:43  Bunker  
  24  2:51  SCV  
  24  2:52  Marine x2  
  27  2:59  Orbital Command  
  27  3:03  Factory Tech Lab  
  27  3:04  SCV  
  27  3:05  Starport  
  28  3:12  Marine  
  29  3:13  Marine  
  29  3:16  SCV  
  31  3:25  Cyclone  
  31  3:26  SCV  
  35  3:28  SCV  
  36  3:38  SCV, Marine x2, Supply Depot  
  39  3:43  Viking  
  39  3:46  SCV  
  42  3:57  SCV  
  42  3:58  SCV  
  44  4:03  Supply Depot  
  44  4:05  Siege Tank  
  44  4:09  SCV  
  48  4:10  SCV  
  48  4:11  Marine x2  
  48  4:14  Barracks  
  51  4:17  Barracks  
  51  4:21  Medivac  
  51  4:23  SCV  
  54  4:25  SCV  
  54  4:28  Supply Depot  
  55  4:36  SCV  
  55  4:37  SCV, Supply Depot  
  57  4:40  Siege Tank  
  57  4:44  Marine x2  
  62  4:50  SCV x2  
  62  4:51  Medivac  
  66  4:55  Refinery  
  66  4:56  Refinery  
  66  4:57  Supply Depot  
  66  5:07  Barracks Tech Lab x2  
  66  5:10  Engineering Bay  
  66  5:11  SCV x2  
  68  5:14  Engineering Bay  
  68  5:16  Marine x2  
  70  5:26  Combat Shield, Stimpack  
  70  5:28  Marauder x2  
  74  5:34  Marine x2  
  77  5:35  SCV x2  
  78  5:43  Terran Infantry Weapons Level 1  
  78  5:44  Terran Infantry Armor Level 1  
  78  5:49  Marine x2  
  79  5:58  Marine x2  
  79  6:01  Command Center  
  81  6:04  Supply Depot  
  81  6:05  Supply Depot  
  81  6:07  Marauder x2  
  81  6:10  Starport Reactor  
  85  6:16  Marine x2  
  87  6:30  Marauder x2  
  87  6:31  SCV x2  
  87  6:32  Command Center  
  93  6:40  Marine  
  93  6:41  Marine  
  93  6:44  SCV x2, Armory  
  97  6:48  Supply Depot  
  75  7:24  Marauder x2, Marine x2  
  75  7:29  Viking x2  
  85  7:30  Siege Tank, Barracks  
  85  7:31  Barracks  
  85  7:32  Barracks  
  88  7:38  SCV x2  
  88  7:41  Missile Turret  
  90  7:48  Marine x2  
  90  7:49  Marauder x2  
  96  7:55  Missile Turret  
  96  7:57  Orbital Command  
  96  7:59  SCV x2  
  98  8:08  Medivac x2  
  98  8:10  Siege Tank  
  98  8:11  SCV x2, Concussive Shells  
  107  8:14  SCV  
  108  8:22  Terran Infantry Weapons Level 2, Terran Infantry Armor Level 2  
  108  8:24  Barracks Reactor, Barracks Tech Lab  
  108  8:26  Barracks Tech Lab  
  108  8:27  SCV  
  109  8:35  Sensor Tower  
  109  8:36  Planetary Fortress  
  109  8:37  Sensor Tower  
  109  8:48  Missile Turret  
  109  8:49  Missile Turret  
  109  8:51  SCV x3, Supply Depot  
  109  8:53  Supply Depot  
  112  9:02  Marauder x2  
  116  9:03  Marauder x2, Marine x4  
  116  9:05  SCV x3  
  127  9:11  Drilling Claws  
  127  9:12  Medivac x2  
  132  9:17  SCV x4  
  132  9:19  Refinery x2  
  132  9:21  Refinery  
  132  9:22  Terran Vehicle And Ship Armor Level 1  
  135  9:30  Ghost Academy  
  137  9:31  Marauder x2  
  137  9:32  Marauder x2, Marine  
  137  9:33  Marine  
  137  9:34  Marine  
  146  9:42  Factory  
  146  9:49  SCV x4  
  150  9:53  Missile Turret  
  150  9:58  Missile Turret  
  150  9:59  Marauder x3  
  156  10:01  Marine  
  156  10:02  Liberator x2, Missile Turret  
  156  10:04  Enhanced Shockwaves  
  156  10:06  SCV  
  158  10:20  Starport  
  164  10:22  Supply Depot  
  164  10:23  Supply Depot  
  164  10:24  Supply Depot  
  164  10:44  Liberator x2  
  164  10:47  Marauder x4, Marine x3  
  164  10:48  Factory Reactor  
  178  10:50  Cyclone  
  178  10:52  Marine  
  185  11:04  Marine  
  185  11:05  Marine  
  187  11:12  Marauder, Terran Infantry Weapons Level 3  
  187  11:14  Marauder  
  187  11:15  Supply Depot  
  187  11:16  Supply Depot  
  184  11:19  Marauder x2, Marine x2  
  184  11:22  Marine x2, Widow Mine  
  163  11:34  Marauder  
  163  11:36  Marauder  
  163  11:37  Marine x2  
  155  11:40  Marine x3  
  145  11:47  Marine  
  145  11:54  Liberator x2  
  120  11:55  Marauder, Marine x2  
  120  11:57  Marauder  
  120  11:58  Marine  
  122  12:06  Siege Tank, Widow Mine  
  122  12:07  Widow Mine  
  125  12:12  Marauder, Marine x2, Command Center  
  125  12:27  Marauder x2, Marine x2  
  125  12:28  Command Center  
  88  13:05  Marine  
  88  13:06  Marauder x3, Marine x3  
  70  13:26  Marine  
  70  13:27  Marauder x2, Marine x3  
  66  13:39  Marauder x2  
  70  13:44  Marine x2  
  70  13:45  Marine  
  70  13:48  Marauder, Marine x2  
  77  13:59  Marine  
  78  14:04  Widow Mine x3  
  78  14:06  Marauder x2, Marine x3  
  91  14:12  Orbital Command  
  91  14:22  Command Center  
  91  14:25  Marine x2  
  91  14:26  Marauder x2  
Show
View Real Time Build Order
Export as new Build Order

ViBE Protoss - Winner!

Build Orders:  

Get SALT Encoding   

  12  0:01  Probe  
  13  0:13  Probe  
  14  0:22  Pylon  
  14  0:25  Probe  
  15  0:40  Probe  
  16  0:47  Gateway  
  16  0:52  Probe  
  16  0:53  Assimilator  
  17  1:04  Probe (Chrono Boost)  
  17  1:09  Assimilator  
  18  1:15  Probe (Chrono Boost)  
  18  1:18  Pylon  
  19  1:19  Probe (Chrono Boost)  
  20  1:30  Probe  
  21  1:34  Cybernetics Core  
  21  1:43  Probe  
  22  1:55  Probe  
  23  2:07  Probe  
  23  2:10  Nexus  
  23  2:13  Stalker  
  25  2:24  Robotics Facility  
  25  2:31  Probe  
  25  2:33  Pylon  
  26  2:41  Warp Gate  
  27  2:44  Sentry  
  27  2:55  Probe  
  28  3:07  Probe  
  29  3:14  Immortal  
  29  3:19  Probe (Chrono Boost)  
  34  3:23  Probe (Chrono Boost)  
  35  3:29  Probe (Chrono Boost)  
  35  3:30  Probe (Chrono Boost), Stalker  
  39  3:34  Probe (Chrono Boost), Gateway  
  39  3:36  Probe  
  41  3:46  Probe  
  42  3:48  Probe  
  42  3:58  Probe  
  42  4:00  Probe  
  44  4:10  Observer, Probe  
  44  4:13  Probe  
  47  4:22  Probe  
  48  4:25  Probe  
  48  4:27  Pylon  
  48  4:30  Stalker x2, Pylon  
  53  4:34  Probe  
  54  4:43  Robotics Bay  
  54  4:45  Probe  
  55  4:46  Probe  
  55  4:47  Assimilator  
  55  4:49  Assimilator  
  56  4:54  Stalker  
  56  4:55  Stalker  
  56  4:57  Probe  
  56  4:58  Probe  
  61  5:09  Probe  
  61  5:10  Probe  
  63  5:15  Nexus  
  63  5:16  Pylon  
  63  5:21  Probe  
  63  5:22  Pylon  
  63  5:23  Probe  
  65  5:30  Stalker x2  
  65  5:33  Probe  
  65  5:35  Probe  
  71  5:45  Probe  
  71  5:47  Probe  
  71  5:49  Disruptor  
  76  5:57  Probe  
  76  5:59  Probe  
  78  6:10  Probe  
  80  6:11  Probe  
  80  6:12  Twilight Council  
  80  6:13  Forge  
  80  6:14  Forge  
  80  6:15  Pylon  
  80  6:22  Probe  
  80  6:23  Probe, Pylon  
  80  6:24  Disruptor  
  85  6:26  Pylon  
  85  6:29  Charge  
  85  6:31  Assimilator  
  85  6:33  Pylon  
  85  6:34  Probe  
  85  6:35  Probe, Assimilator  
  85  6:37  Pylon  
  87  6:41  Protoss Ground Armor Level 1 (Chrono Boost), Protoss Ground Weapons Level 1 (Chrono Boost)  
  87  6:42  Probe  
  87  6:46  Probe  
  89  6:47  Probe  
  90  6:54  Probe  
  90  6:56  Stalker x2  
  90  6:58  Probe  
  90  6:59  Probe  
  87  7:22  Zealot x2  
  87  7:24  Probe x2  
  87  7:25  Probe  
  87  7:28  Disruptor  
  93  7:36  Gateway  
  93  7:37  Nexus  
  93  7:40  Gateway x2, Pylon  
  93  7:42  Pylon  
  93  7:44  Gateway x2  
  93  7:47  Gateway  
  93  7:49  Templar Archives  
  93  7:56  Probe x3, Pylon  
  96  8:02  Blink, Zealot x2  
  96  8:03  Assimilator  
  100  8:05  Disruptor  
  103  8:17  Probe x3  
  106  8:20  Protoss Ground Weapons Level 2 (Chrono Boost)  
  106  8:21  Protoss Ground Armor Level 2 (Chrono Boost)  
  106  8:31  High Templar x3  
  106  8:34  High Templar  
  114  8:36  High Templar  
  114  8:38  High Templar  
  114  8:39  Zealot  
  114  8:41  Archon x2  
  120  8:42  Archon  
  120  8:44  Disruptor  
  123  8:48  Probe  
  123  8:49  Probe x2  
  123  8:50  Photon Cannon  
  123  8:52  Photon Cannon  
  126  8:56  Pylon, Photon Cannon  
  126  9:00  Probe x2  
  126  9:01  Probe x2  
  130  9:09  Nexus  
  130  9:11  Pylon  
  130  9:12  High Templar x3  
  130  9:14  High Templar, Zealot, Pylon  
  130  9:15  Zealot x2  
  130  9:16  Zealot  
  130  9:17  Archon  
  146  9:18  Archon  
  146  9:19  Pylon  
  146  9:28  Stargate  
  146  9:35  Gateway  
  146  9:37  Gateway  
  146  9:39  Gateway  
  146  9:41  Photon Cannon  
  146  9:43  Gateway, Photon Cannon  
  146  9:45  Zealot  
  146  9:46  Zealot x3  
  146  9:47  High Templar x2  
  146  9:48  Zealot  
  146  9:49  Zealot  
  146  9:51  Archon  
  162  10:11  Assimilator x2  
  162  10:12  Disruptor  
  165  10:18  Robotics Facility  
  165  10:19  Protoss Air Weapons Level 1  
  165  10:32  Stargate  
  165  10:35  Stargate  
  165  10:36  Zealot x6  
  165  10:37  Zealot x5  
  165  10:38  Zealot, Protoss Ground Weapons Level 3 (Chrono Boost)  
  165  10:39  Fleet Beacon  
  187  10:44  Protoss Ground Armor Level 3 (Chrono Boost)  
  185  10:58  Zealot x7  
  185  11:00  Probe  
  196  11:39  Zealot x5  
  199  11:40  Zealot  
  199  11:41  Zealot x2  
  199  11:46  Zealot x2  
  188  11:50  Zealot  
  188  11:51  Zealot  
  188  11:53  Probe x5  
  174  12:03  Zealot x3  
  174  12:04  Zealot x4  
  174  12:05  Probe x5, Zealot  
  188  12:17  Probe x4  
  192  12:24  Photon Cannon  
  192  12:25  Photon Cannon  
  192  12:47  Nexus, Protoss Air Weapons Level 2 (Chrono Boost)  
  186  12:57  Tempest x3  
  186  12:58  Colossus x2  
  163  13:03  Zealot  
  163  13:04  Zealot x3  
  171  13:05  High Templar x2  
  171  13:06  High Templar x6  
  156  13:35  High Templar x4  
  156  13:38  Zealot  
  156  13:39  Zealot x6  
  156  13:40  Zealot  
  180  13:42  Archon x4  
  180  13:43  Archon x2  
  180  13:52  Observer x2  
  182  14:20  Zealot  
  182  14:21  Zealot x8  
  198  14:44  Zealot x2  
  198  14:45  Zealot x6  
  196  14:46  Zealot  
Tags
 
Add a new tag
Caveats
  • Supply blocks, unpowered buildings, or Contaminate may cause inaccurate times.
  • Supply counts are checked every 10 seconds.